 Dungeon Crawl Stone Soup version 0.29-a0-344-ge2f44be95a (webtiles) character file.

Game seed: 6648459144093928819

346222 Essalna the Warrior (level 21, -14/157 (178) HPs)
             Began as a Demonspawn Conjurer on Apr 21, 2022.
             Was the Champion of Vehumet.
             Killed from afar by Jory (61 damage)
             ... with a crystal spear
             ... on level 3 of the Vaults on Apr 22, 2022.
             The game lasted 03:12:13 (61975 turns).

Essalna the Warrior (Demonspawn Conjurer)          Turns: 61975, Time: 03:12:13

HP:   -14/157 (178) AC: 20    Str:  8    XL:     21   Next: 18%
MP:   7/51          EV: 16    Int: 27    God:    Vehumet [******]
Gold: 5693          SH: 10    Dex: 18    Spells: 14/54 levels left

rFire   + + .      SeeInvis .   b - staff of fire
rCold   + + .      Faith    .   Y - +0 buckler {AC+3}
rNeg    . . .      Spirit   .   a - +2 robe {Archmagi}
rPois   .          Reflect  +   p - +2 helmet
rElec   +          Harm     .   f - +1 cloak {rC+}
rCorr   +          Rampage  .   T - +2 pair of gloves {Dex+3}
Will    +....      Archmagi +   (no boots)
Stlth   ++........              H - amulet of Light {Reflect Regen+ rCorr SH+5}
HPRegen 1.16/turn               J - ring of magical power
MPRegen 0.32/turn               e - ring of Jeluh {rF+ rC+ rCorr Slay+3}

@: heavily drained
A: thin metallic scales 3, foul stench 2, powered by pain 2, augmentation 1,
demonic touch 2
}: 2/15 runes: barnacled, gossamer
a: Renounce Religion


You were on level 3 of the Vaults.
You worshipped Vehumet.
Vehumet was exalted by your worship.
You visited 8 branches of the dungeon, and saw 38 of its levels.
You also visited: Gauntlet and Ice Cave.

You collected 6577 gold pieces.
You spent 884 gold pieces at shops.

Inventory:

Hand Weapons
 o - the +3 trident "Baorim" {flame, rC++}
   (You took it off a spriggan on level 5 of the Lair of Beasts)

   It burns those it strikes, dealing additional fire damage.
   rC:        It greatly protects you from cold.
 Q - the +9 rapier of Entrepreneurial Spirit {flame, Will++ SInv}
   (You took it off a spriggan on level 6 of the Lair of Beasts)

   It burns those it strikes, dealing additional fire damage.
   SInv:      It lets you see invisible.
   Will:      It greatly increases your willpower.
Armour
 a - a +2 robe of the Archmagi (worn)
 f - a +1 cloak of cold resistance (worn)
 p - a +2 helmet (worn)
 y - a +2 leather armour of fire resistance
 S - a +0 troll leather armour
 T - a +2 pair of gloves of dexterity (worn)
 U - a +2 robe of willpower
 Y - a +0 buckler of protection (worn)
Magical Staves
 b - a staff of fire (weapon)
 i - a staff of air
 C - a staff of conjuration
 P - a staff of death
Jewellery
 e - the ring of Jeluh (right hand) {rF+ rC+ rCorr Slay+3}
   (You found it in a Gauntlet)

   [ring of protection from cold]

   Slay:      It affects your accuracy & damage with ranged weapons and melee
   (+3).
   rF:        It protects you from fire.
   rC:        It protects you from cold.
   rCorr:     It protects you from acid and corrosion.
 j - a ring of positive energy
 k - the ring "Jofutewn" {SInv Stlth+}
   (You took it off a deep elf knight on level 1 of the Elven Halls)

   [ring of see invisible]

   SInv:      It lets you see invisible.
   Stlth:     It makes you more stealthy.
 n - a ring of ice
 r - a ring of fire
 s - a ring of wizardry
 A - a ring of positive energy
 D - a ring of resist corrosion
 F - a +4 ring of evasion
 G - the ring of Taorihig {rElec rC+ Will+ Stlth+}
   (You took it off a deep elf zephyrmancer on level 1 of the Elven Halls)

   [ring of protection from cold]

   rC:        It protects you from cold.
   rElec:     It insulates you from electricity.
   Will:      It increases your willpower.
   Stlth:     It makes you more stealthy.
 H - the amulet of Light (around neck) {Reflect Regen+ rCorr SH+5}
   (You found it in a Gauntlet)

   [amulet of reflection]

   It reflects blocked missile attacks.
   Regen:     It increases your rate of health regeneration.
   rCorr:     It protects you from acid and corrosion.
   SH:        It affects your SH (+5).
 J - a ring of magical power (left hand)
 N - a ring of positive energy
Wands
 x - a wand of mindburst (27)
 z - a wand of iceblast (24)
 M - a wand of digging (36)
 V - a wand of acid (2)
Scrolls
 h - 4 scrolls of teleportation
 u - 5 scrolls of silence
 v - 10 scrolls of enchant weapon
 B - 7 scrolls of enchant armour
 I - 3 scrolls of fog
 W - 2 scrolls of magic mapping
 X - 2 scrolls of blinking
 Z - 2 scrolls of amnesia
Potions
 c - 3 potions of magic
 d - 12 potions of curing
 g - 2 potions of haste
 l - 5 potions of brilliance
 m - 8 potions of mutation
 q - 5 potions of ambrosia
 t - 2 potions of berserk rage
 w - 6 potions of flight
 E - 6 potions of invisibility
 K - 10 potions of heal wounds
 L - a potion of resistance
 O - 6 potions of might
 R - 4 potions of cancellation


   Skills:
 + Level 18.4 Fighting
 + Level 7.0 Armour
 + Level 7.4 Dodging
 - Level 1.7 Stealth
 - Level 4.0 Shields
 - Level 17.0 Spellcasting
 - Level 11.0 Conjurations
 - Level 8.0 Translocations
 + Level 18.3 Fire Magic
 - Level 14.0 Ice Magic


You had 14 spell levels left.
You knew the following spells:

 Your Spells              Type           Power      Damage    Failure   Level
a - Magic Dart            Conj           100%       1d8       1%          1
b - Searing Ray           Conj           100%       2d8       1%          2
c - Iskenderun's Mystic   Conj/Tloc      84%        2d17      1%          4
d - Starburst             Conj/Fire      62%        6d16      1%          6
e - Orb of Destruction    Conj           44%        9d12      7%          7
f - Fireball              Conj/Fire      62%        3d24      1%          5
g - Ozocubu's Refrigerat  Ice            49%        4d14      1%          7
h - Ignition              Fire           67%        3d18      2%          8

Your spell library contained the following spells:

 Spells                   Type           Power      Damage    Failure   Level
 Fire Storm               Conj/Fire      62%        8d16      82%         9
 Maxwell's Capacitive Co  Air            17%        ∞         100%        8
 Shatter                  Erth           17%        3d16*     100%        9
 Foxfire                  Conj/Fire      100%       2x1d9     0%          1
 Conjure Flame            Conj/Fire      100%       6-21      0%          3
 Sandblast                Erth           68%        2d15      1%          1
 Dazzling Flash           Conj/Hex       100%       N/A       1%          3
 Ignite Poison            Fire/Tmut/Pois 90%        N/A       1%          3
 Inner Flame              Hex/Fire       100%       N/A       1%          3
 Mephitic Cloud           Conj/Pois/Air  59%        N/A       1%          3
 Ozocubu's Armour         Ice            99%        N/A       1%          3
 Stone Arrow              Conj/Erth      100%       3d13      1%          3
 Flame Wave               Conj/Fire      100%       2d17      1%          4
 Fulminant Prism          Conj/Hex       34%        3d16      1%          4
 Hailstorm                Conj/Ice       94%        3d19      1%          4
 Ice Form                 Ice/Tmut       74%        N/A       1%          4
 Summon Ice Beast         Ice/Summ       74%        N/A       1%          4
 Freezing Cloud           Conj/Ice/Air   40%        6-21      1%          5
 Pain                     Necr           100%       1d9       2%          1
 Passwall                 Tmut/Erth      28%        N/A       4%          2
 Metabolic Englaciation   Hex/Ice        37%        N/A       4%          5
 Lee's Rapid Deconstruct  Erth           17%        3d11*     19%         5
 Simulacrum               Ice/Necr       37%        N/A       22%         6
 Animate Armour           Summ/Erth      68%        N/A       26%         4
 Animate Dead             Necr           17%        N/A       26%         4
 Dispel Undead            Necr           34%        3d15      26%         4
 Leda's Liquefaction      Hex/Erth       17%        N/A       26%         4
 Borgnjor's Vile Clutch   Necr/Erth      17%        N/A       58%         5
 Summon Mana Viper        Hex/Summ       34%        N/A       58%         5
 Lehudib's Crystal Spear  Conj/Erth      34%        10d9      98%         8
 Death Channel            Necr           17%        N/A       99%         6
 Statue Form              Tmut/Erth      22%        N/A       99%         6
 Malign Gateway           Summ/Tloc      30%        N/A       99%         7
 Monstrous Menagerie      Summ           17%        N/A       100%        7
 Discord                  Hex            17%        N/A       100%        8
 Summon Horrible Things   Summ           17%        N/A       100%        8


Dungeon Overview and Level Annotations

Branches:
Dungeon (15/15)            Temple (1/1) D:5            Lair (6/6) D:11
 Shoals (4/4) Lair:3       Spider (4/4) Lair:3        Slime (0/5) Lair:5
    Orc (2/2) D:12            Elf (3/3) Orc:2        Vaults (3/5) D:13
  Crypt (0/3) Vaults:2     Depths (0/4) D:15          IceCv (visited)
Gauntlet (visited)

Altars:
Ashenzari
Cheibriados
Dithmenos
Elyvilon
Fedhas
Gozag
Hepliaklqana
Kikubaaqudgha
Makhleb
Nemelex Xobeh
Okawaru
Sif Muna
Trog
Uskayaw
Vehumet
Wu Jian
Xom
Yredelemnul
The Shining One
Beogh
Lugonu

Shops:
D:4 [   D:8 *   D:15 (   Orc:1 =   Orc:2 ![(=   Elf:2 ::=   Elf:3 (
Shoals:3 =?   Shoals:4 *   Vaults:1 =   Vaults:2 (

Portals:
Abyss: Lair:6
Trove: D:11 (show abyssal rune of Zot)

Annotations:
D:14 Roxanne
Elf:1 3 runed translucent doors, Zanapn's ghost, journeyman DEAE
Vaults:3 Jory


Innate Abilities, Weirdness & Mutations

You are completely covered in thin metallic scales. (AC +4, rElec)
You sometimes emit foul miasma when damaged in melee.
You sometimes gain power by taking damage.
Your magical and physical power is slightly enhanced at high health.
Your touch may inflict irresistible damage on your foes.


Message History

The mystic blast hits the phantasmal warrior!
The phantasmal warrior is severely damaged.
The phantasmal warrior is knocked back by the mystic blast.
Unknown command.
Unknown command.
Casting: Iskenderun's Mystic Blast (safe; 1% risk of failure)
Confirm with . or Enter, or press ? or * to list all spells.
Aiming: Orb of Destruction (dangerous; 7% risk of failure)
Press: ? - help, Shift-Dir - straight line, f/p - Jory
Aim: Jory, wielding a +2 great sword of draining and wearing a +0 chain mail (heavily damaged)
You feel a surge of power!
Casting: Orb of Destruction (dangerous; 7% risk of failure)
Confirm with . or Enter, or press ? or * to list all spells.
Aiming: Orb of Destruction (dangerous; 7% risk of failure)
Press: ? - help, Shift-Dir - straight line, f/p - Jory
Aim: Jory, wielding a +2 great sword of draining and wearing a +0 chain mail (heavily damaged, ally target)
You feel a surge of power!
The orb of destruction hits Jory!!
Jory is severely damaged.
The orb of destruction hits the phantasmal warrior!!!
You blow up the phantasmal warrior!
Vehumet accepts your kill.
You feel your power returning.
Casting: Orb of Destruction (dangerous; 7% risk of failure)
Confirm with . or Enter, or press ? or * to list all spells.
Aiming: Orb of Destruction (dangerous; 7% risk of failure)
Press: ? - help, Shift-Dir - straight line, f/p - Jory
Aim: Jory, wielding a +2 great sword of draining and wearing a +0 chain mail (magical condensation, severely damaged)
You feel a surge of power!
Jory points at you and mumbles some strange words.
Jory blinks!
The orb of destruction hits Jory!!
Jory is almost destroyed.
Casting: Orb of Destruction (dangerous; 7% risk of failure)
Confirm with . or Enter, or press ? or * to list all spells.
You feel a surge of power!
You erupt in a blast of force!
The mystic blast hits Jory but does no damage.
Jory is almost destroyed.
You hear a shout!
You hear a trumpeting!
Jory casts a spell at you. The crystal spear hits you!!!
You die...

#.......#.......#
#...<.#.#.......#
#...#.[.#.#.#.#.#
.......#.#...[.#...#
.......#.......#...#
###'#######'#############+##
............)...........
............V......"....
.......[..@○°○§.9.[########
..................†#......p
............†...[.)#....)W#
........########.).#....[.#
........# #...#.[.)(.#
####....# #...[....).#
#....# #...#[.....# #....#
#...#...9<)# #...#.....)#


You could see Jory and a crystal guardian.

Vanquished Creatures
  An ancient lich (Vaults:2)
  Nikola (Spider:3)
  Jorgrun (D:13)
  A lich (IceCv)
  Mlioglotl (Spider:2)
  Asterion (Vaults:1)
  A deep elf blademaster (Elf:2)
  Frances (Spider:1)
  2 sphinxes
  Agnes (Spider:3)
  A tengu reaver (Vaults:3)
  A frost giant (Vaults:3)
  2 deep elf sorcerers
  4 ghost moths
  3 emperor scorpions
  Louise (Elf:2)
  4 vault wardens
  A frost giant (shapeshifter) (Elf:1)
  3 deep elf elementalists
  An orc warlord (Orc:2)
  A war gargoyle (Vaults:3)
  9 broodmothers
  The ghost of Ludaler the Severer, a journeyman DDGl of Trog (Lair:5)
  11 ironbound preservers
  Nessos (D:15)
  The ghost of ouz the Fighter, a journeyman VSBr of Wu Jian (Orc:2)
  3 ironbound thunderhulks
  5 very ugly things
  A deep elf demonologist (Elf:1)
  10 entropy weavers
  5 deep elf annihilators
  A spark wasp (shapeshifter) (D:14)
  7 dire elephants
  The ghost of Onkuvak the Brawler, a journeyman TrMo of Elyvilon (Lair:3)
  A spark wasp (Spider:4)
  Azrael (Elf:2)
  A merfolk javelineer (Shoals:4)
  An ettin (Vaults:3)
  12 merfolk impalers
  A deep elf death mage (Elf:3)
  Josephine (D:14)
  6 vault guards
  10 yaktaur captains
  A caustic shrike simulacrum (IceCv)
  4 great orbs of eyes
  Harold (Lair:1)
  2 boulder beetles
  A peacekeeper (Vaults:2)
  The ghost of fly the Quickloader, a journeyman KoHu of Fedhas (D:11)
  2 rakshasas (D:15)
  3 radroaches
  7 two-headed ogres
  3 merfolk avatars
  6 hydras
  A catoblepas (Lair:5)
  3 merfolk aquamancers (Shoals:4)
  2 satyrs
  5 ironbound frosthearts (Vaults:3)
  A satyr (shapeshifter) (Vaults:3)
  An anaconda (Lair:1)
  An alligator (Lair:1)
  5 centaur warriors
  3 alligator snapping turtles
  37 dancing weapons
  11 death yaks
  2 thrashing horrors (Lair:6)
  A death scarab (Spider:2)
  An orc high priest (Orc:2)
  4 tengu warriors
  Urug (Lair:4)
  Nergalle (Lair:2)
  26 deep elf knights
  Sonja (Orc:1)
  The ghost of fly the Quickloader, a novice KoHu of Fedhas (D:7)
  2 sun moths (Spider:3)
  A fire crab (shapeshifter) (D:15)
  Lodul (D:13)
  4 skeletal warriors (D:13)
  Amaemon (D:9)
  19 sea snakes
  10 pharaoh ants
  6 steelbarb worms
  11 orb spiders
  17 deep trolls
  2 glowing orange brains
  A glowing orange brain (shapeshifter) (D:15)
  An orange crystal statue (Elf:2)
  8 ironbound convokers
  11 deep elf archers
  6 bog bodies (IceCv)
  A phantasmal warrior (Vaults:3)
  2 spriggan simulacra (IceCv)
  An obsidian statue (IceCv)
  3 wizards
  Pikel (D:8)
  4 lindwurms
  34 deep elf pyromancers
  A harpy (shapeshifter) (D:15)
  12 harpies
  A necromancer (IceCv)
  37 deep elf zephyrmancers
  7 orc knights
  14 ugly things
  15 wolf spiders
  4 orc sorcerers
  5 fauns
  An oklob plant (Gauntlet)
  19 manticores
  10 cyclopes
  3 black mambas
  A salamander (shapeshifter) (D:15)
  13 merfolk sirens
  6 moths of wrath
  Maurice (D:8)
  An elephant (shapeshifter) (Elf:2)
  A water nymph (shapeshifter) (Lair:6)
  13 vault sentinels
  13 elephants
  A black mamba (shapeshifter) (D:14)
  2 ice statues (Shoals:2)
  An orange demon (D:9)
  21 cane toads
  2 torpor snails
  2 water nymphs
  4 gargoyles
  Maggie (Lair:1)
  An unseen horror (D:11)
  2 smoke demons (Lair:6)
  A rime drake (shapeshifter) (D:14)
  3 rime drakes
  6 demonic crawlers
  12 freezing wraiths (IceCv)
  2 kobold demonologists
  9 yaktaurs
  The ghost of leebro123 the Bolt Thrower, a novice KoHu (D:5)
  10 komodo dragons
  An ancient zyme (Lair:6)
  7 anaconda simulacra (IceCv)
  An ice devil (IceCv)
  2 entropy weaver simulacra (IceCv)
  4 tengu conjurers
  A troll (shapeshifter) (Lair:6)
  10 meliai
  24 merfolk
  9 trolls
  2 golden dragon simulacra (IceCv)
  A queen bee (shapeshifter) (Lair:6)
  32 tarantellas
  18 blink frogs
  24 slime creatures
  5 wind drakes
  4 large abominations
  5 polar bears
  11 dream sheep
  4 hornets
  9 snapping turtles
  3 dire elephant simulacra (IceCv)
  29 jumping spiders
  A jumping spider (shapeshifter) (Elf:1)
  35 culicivoras
  5 air elementals
  5 spriggans
  A spriggan (shapeshifter) (D:14)
  10 water elementals
  6 wraiths
  51 yaks
  8 fire elementals
  9 basilisks
  A chaos spawn (Lair:6)
  12 wyverns
  56 redbacks
  Grum (D:8)
  4 steam dragons
  6 vampire mosquitoes
  3 harpy simulacra (IceCv)
  6 acid dragons
  10 wargs
  A hydra simulacrum (IceCv)
  22 water moccasins
  44 orc warriors
  2 hell hounds (Elf:2)
  2 sky beasts
  2 black bears
  An ice beast (D:6)
  30 wolves
  5 alligator simulacra (IceCv)
  15 ogres
  5 boggarts
  9 centaurs
  A lemure (D:8)
  4 kobold brigands
  4 necrophages
  12 bullfrogs
  6 scorpions
  A deep troll simulacrum (IceCv)
  An earth elemental (Elf:1)
  9 wights
  10 small abominations
  A lindwurm simulacrum (IceCv)
  10 howler monkeys
  7 electric eels
  2 lava snakes (Lair:2)
  A gnoll shaman (D:6)
  A centaur zombie (D:5)
  36 orc priests
  2 hounds
  4 jellies
  A centaur skeleton (D:5)
  3 iguanas
  29 orc wizards
  Ijyb (D:3)
  A hell rat (Lair:1)
  3 gnolls
  A howler monkey skeleton (D:5)
  7 adders
  A shadow imp (D:6)
  An ufetubus (D:5)
  A worm (D:2)
  A dart slug (D:3)
  128 orcs
  5 bats
  6 endoplasms
  3 giant cockroaches
  6 goblins
  7 hobgoblins
  24 kobolds
  8 quokkas
  2 ball pythons (D:4)
  2 frilled lizards (D:1)
  6 rats
1601 creatures vanquished.

Vanquished Creatures (collateral kills)
  A kobold (D:10)
1 creature vanquished.

Vanquished Creatures (others)
  An air elemental (Elf:1)
  A water elemental (Elf:1)
  55 fungi
  132 plants
189 creatures vanquished.

Grand Total: 1791 creatures vanquished

Notes
Turn   | Place    | Note
-------+----------+-------------------------------------------
     0 | D:1      | Essalna the Demonspawn Conjurer began the quest for the
                  | Orb.
     0 | D:1      | Reached XP level 1. HP: 13/13 MP: 3/3
   298 | D:1      | Gained mutation: You sometimes gain a little power by
                  | taking damage. [demonic ancestry]
   298 | D:1      | Reached XP level 2. HP: 19/19 MP: 0/5
   452 | D:1      | Found a faded altar of an unknown god.
   838 | D:1      | Gained mutation: You are partially covered in thin metallic
                  | scales. (AC +2) [demonic ancestry]
   838 | D:1      | Reached XP level 3. HP: 24/24 MP: 0/7
   841 | D:1      | Learned a level 2 spell: Searing Ray
  2096 | D:2      | Reached XP level 4. HP: 30/30 MP: 4/8
  2310 | D:2      | Reached skill level 5 in Conjurations
  2616 | D:2      | Learned a level 4 spell: Iskenderun's Mystic Blast
  3290 | D:5      | Entered Level 5 of the Dungeon
  3360 | D:5      | Noticed a scorpion
  3365 | D:5      | Killed a scorpion
  3366 | D:5      | Reached skill level 1 in Fighting
  3366 | D:5      | Reached skill level 1 in Translocations
  3366 | D:5      | Reached XP level 5. HP: 34/37 MP: 3/10
  3420 | D:5      | Found a snail-covered altar of Cheibriados.
  3664 | D:5      | Found a staircase to the Ecumenical Temple.
  3674 | Temple   | Entered the Ecumenical Temple
  3845 | Temple   | Became a worshipper of Vehumet
  3925 | D:5      | Found a runed translucent gate.
  3925 | D:5      | Found a runed translucent gate.
  3925 | D:5      | Found a runed translucent gate.
  3933 | D:4      | Found Horilila's Armour Emporium.
  3959 | D:4      | Reached XP level 6. HP: 44/44 MP: 2/11
  4152 | D:4      | Noticed a sky beast
  4162 | D:4      | Killed a sky beast
  4294 | D:3      | Noticed Ijyb
  4552 | D:3      | Killed Ijyb
  4553 | D:3      | Reached XP level 7. HP: 25/51 MP: 1/13
  5328 | D:4      | Reached * piety under Vehumet
  5328 | D:4      | Offered knowledge of Foxfire by Vehumet.
  5856 | D:5      | Noticed leebro123's ghost (novice KoHu)
  5887 | D:6      | Noticed a steam dragon
  5896 | D:6      | Killed a steam dragon
  5897 | D:6      | Reached skill level 1 in Armour
  6256 | D:6      | Reached XP level 8. HP: 44/58 MP: 9/15
  7155 | D:7      | Reached skill level 5 in Spellcasting
  7738 | D:7      | Found a transporter.
  7777 | D:7      | Found a transporter.
  7784 | D:7      | Noticed fly's ghost (novice KoHu)
  7785 | D:7      | Noticed a slime creature
  7785 | D:7      | Noticed a cyclops
  7790 | D:7      | Noticed a deep elf pyromancer
  8198 | D:5      | Killed leebro123's ghost
  8199 | D:5      | Gained mutation: Your touch may inflict minor irresistible
                  | damage on your foes. [demonic ancestry]
  8199 | D:5      | Reached XP level 9. HP: 35/66 MP: 4/17
  8460 | D:8      | Noticed Grum
  8703 | D:8      | Killed Grum
  8703 | D:8      | Offered knowledge of Poisonous Vapours by Vehumet.
  8965 | D:8      | Reached ** piety under Vehumet
  9119 | D:8      | Reached skill level 5 in Fighting
  9301 | D:8      | Noticed Maurice
  9304 | D:8      | Paralysed by Maurice for 2 turns
  9491 | D:8      | Killed Maurice
  9492 | D:8      | Reached skill level 5 in Translocations
  9706 | D:8      | Noticed Pikel
  9715 | D:8      | Killed Pikel
  9722 | D:8      | Reached XP level 10. HP: 76/76 MP: 0/19
  9924 | D:8      | Reached skill level 5 in Dodging
 10122 | D:8      | Found Neopn's Evil Emporium.
 10409 | D:9      | Noticed Amaemon
 10663 | D:9      | Noticed an orange demon
 10691 | D:10     | Entered Level 10 of the Dungeon
 10812 | D:9      | Killed Amaemon
 10949 | D:9      | Killed an orange demon
 11325 | D:9      | Reached skill level 5 in Armour
 11586 | D:9      | Noticed a two-headed ogre
 11756 | D:9      | Killed a two-headed ogre
 12261 | D:9      | Offered knowledge of Static Discharge by Vehumet.
 12267 | D:9      | Reached *** piety under Vehumet
 13326 | D:10     | Gained mutation: You are mostly covered in thin metallic
                  | scales. (AC +3) [demonic ancestry]
 13326 | D:10     | Reached XP level 11. HP: 74/83 MP: 16/21
 13511 | D:10     | Offered knowledge of Airstrike by Vehumet.
 13711 | D:11     | You fall into a shaft and drop 2 floors!
 13711 | D:13     | Noticed a centaur warrior
 13726 | D:13     | Killed a centaur warrior
 13761 | D:13     | Noticed a centaur warrior
 13761 | D:13     | Noticed a skeletal warrior
 13818 | D:13     | Killed a skeletal warrior
 13960 | D:13     | Noticed a skeletal warrior
 13960 | D:13     | Noticed a skeletal warrior
 14000 | D:13     | Noticed a cyan ugly thing
 14000 | D:13     | Noticed a boulder beetle
 14215 | D:11     | Noticed Harold
 14396 | D:11     | Found a runed translucent gate.
 14396 | D:11     | Found a runed translucent gate.
 14396 | D:11     | Found a runed translucent gate.
 14409 | D:11     | Noticed a death knight
 14600 | D:7      | Killed a deep elf pyromancer
 14605 | D:7      | Killed fly's ghost
 15342 | D:11     | Reached **** piety under Vehumet
 15351 | D:11     | Offered knowledge of Hailstorm by Vehumet.
 15604 | D:11     | Found a portal to a secret trove of treasure.
 15629 | D:11     | Noticed fly's ghost (journeyman KoHu)
 15630 | D:11     | Found an opulent altar of Gozag.
 15630 | D:11     | Noticed a centaur warrior
 15630 | D:11     | Noticed a four-headed hydra
 15631 | D:11     | Noticed a yaktaur captain
 15900 | D:11     | Found a staircase to the Lair.
 15916 | Lair:1   | Entered Level 1 of the Lair of Beasts
 15924 | Lair:1   | Killed Harold
 15925 | Lair:1   | Reached XP level 12. HP: 94/94 MP: 6/24
 16093 | Lair:1   | Reached skill level 10 in Conjurations
 16096 | Lair:1   | Noticed Maggie
 16114 | Lair:1   | Killed Maggie
 16296 | Lair:1   | Found a gate leading to a gauntlet.
 16303 | Gauntlet | Entered a Gauntlet
 16303 | Gauntlet | Found a transporter.
 16403 | Gauntlet | Found a transporter.
 16413 | Gauntlet | Found a transporter.
 16418 | Gauntlet | Found a transporter.
 16433 | Gauntlet | Found a transporter.
 16455 | Gauntlet | Found a transporter.
 16457 | Gauntlet | Noticed a blizzard demon
 16460 | Gauntlet | Noticed a hell hog
 16464 | Gauntlet | Found a transporter.
 16480 | Gauntlet | Found a transporter.
 16482 | Gauntlet | Found a transporter.
 16508 | Gauntlet | Found a transporter.
 16514 | Gauntlet | Found a transporter.
 16518 | Gauntlet | Found a transporter.
 16539 | Gauntlet | Noticed a balrug
 16540 | Gauntlet | Found a transporter.
 16552 | Gauntlet | Found a transporter.
 16554 | Gauntlet | Found a transporter.
 16579 | Gauntlet | Found a transporter.
 16585 | Gauntlet | Found a transporter.
 16624 | Gauntlet | Found a transporter.
 16741 | Gauntlet | Learned a level 6 spell: Starburst
 16860 | Gauntlet | Reached skill level 1 in Fire Magic
 16872 | Gauntlet | Identified the ring of Jeluh {rF+ rC+ rCorr Slay+3}
 16922 | Gauntlet | Got Sif Muna's Papyrus of Enchanting Changing
 16925 | Gauntlet | Identified the amulet of Light {Reflect Regen+ rCorr SH+5}
 17057 | Gauntlet | Identified the +0 scimitar "Puferoch" {protect, Drain rN+
                  | Dex+3}
 17057 | Gauntlet | Identified the ring "Kerraran" {Str+4 Dex+6}
 17057 | Gauntlet | Noticed a minotaur
 17068 | Gauntlet | HP: 4/95 [minotaur/the +0 scimitar "Puferoch" {protect,
                  | Drain rN+ Dex+3} (10)]
 17870 | Lair:1   | Noticed an anaconda
 18315 | Lair:1   | Killed an anaconda
 18315 | Lair:1   | Reached ***** piety under Vehumet
 18746 | Lair:1   | Noticed a death yak
 18746 | Lair:1   | Noticed an alligator
 18753 | Lair:1   | Offered knowledge of Iron Shot by Vehumet.
 18754 | Lair:1   | Killed an alligator
 18755 | Lair:1   | Reached skill level 10 in Fighting
 18758 | Lair:1   | Killed a death yak
 18759 | Lair:1   | Gained mutation: You may rarely emit foul miasma when
                  | damaged in melee. [demonic ancestry]
 18759 | Lair:1   | Reached XP level 13. HP: 103/103 MP: 6/26
 18761 | Lair:1   | Identified the +8 dagger of Freehold {flame, rN+ Will+
                  | Dex+2}
 19229 | Lair:2   | Reached skill level 10 in Spellcasting
 19547 | Lair:2   | Noticed Nergalle
 19557 | Lair:2   | Killed Nergalle
 20249 | Lair:2   | Reached skill level 5 in Fire Magic
 20976 | Lair:3   | Found a staircase to the Shoals.
 21112 | Lair:3   | Found a shadowy altar of Dithmenos.
 21222 | Lair:3   | Found a transporter.
 21282 | Lair:3   | Noticed Onkuvak's ghost (journeyman TrMo)
 21291 | Lair:3   | Found a transporter.
 21389 | Lair:3   | HP: 7/159 [Onkuvak's ghost (12)]
 21390 | Lair:3   | Killed Onkuvak's ghost
 21473 | Lair:3   | Identified the +0 cloak of Vopsick {Dex+3 Slay+2}
 21591 | Lair:3   | Found a hole to the Spider Nest.
 22442 | Lair:4   | Noticed Urug
 22464 | Lair:4   | Killed Urug
 22707 | Lair:4   | Offered knowledge of Sticky Flame by Vehumet.
 23331 | Lair:5   | Reached XP level 14. HP: 93/114 MP: 1/29
 23601 | Lair:5   | Found a runed translucent door.
 23604 | Lair:5   | Noticed Ludaler's ghost (journeyman DDGl)
 23604 | Lair:5   | Identified the +3 trident "Baorim" {flame, rC++}
 23663 | Lair:5   | Killed Ludaler's ghost
 24343 | Lair:5   | Found a staircase to the Slime Pits.
 24398 | Lair:5   | Reached skill level 1 in Shields
 24864 | Lair:6   | Entered Level 6 of the Lair of Beasts
 24872 | Lair:6   | Found a basalt altar of Yredelemnul.
 25692 | Lair:6   | Offered knowledge of Lightning Bolt by Vehumet.
 26916 | Lair:6   | Found a one-way gate to the infinite horrors of the Abyss.
 26918 | Lair:6   | Identified the +9 rapier of Entrepreneurial Spirit {flame,
                  | Will++ SInv}
 26924 | Lair:6   | Found a corrupted altar of Lugonu.
 27589 | D:11     | Gained mutation: You sometimes gain power by taking damage.
                  | [demonic ancestry]
 27589 | D:11     | Reached XP level 15. HP: 115/124 MP: 30/31
 27589 | D:11     | Killed fly's ghost
 28080 | D:12     | Found a staircase to the Orcish Mines.
 28395 | Orc:1    | Entered Level 1 of the Orcish Mines
 28580 | Orc:2    | Entered Level 2 of the Orcish Mines
 28593 | Orc:2    | Offered knowledge of Orb of Destruction by Vehumet.
 28605 | Orc:2    | Learned a level 7 spell: Orb of Destruction
 28647 | Orc:2    | Found a staircase to the Elven Halls.
 28676 | Orc:2    | Found a transporter.
 28978 | Orc:1    | Noticed Sonja
 28983 | Orc:1    | Killed Sonja
 29140 | Orc:1    | Found Fumiawn's Jewellery Shoppe.
 29296 | Orc:2    | Found a transporter.
 29296 | Orc:2    | Noticed ouz's ghost (journeyman VSBr)
 29767 | Orc:2    | Reached skill level 10 in Fire Magic
 30316 | Orc:2    | Found Xonu Berous's Distillery.
 30532 | Orc:2    | Reached ****** piety under Vehumet
 30532 | Orc:2    | Noticed an orc warlord
 30535 | Orc:2    | Offered knowledge of Iskenderun's Battlesphere by Vehumet.
 30540 | Orc:2    | Killed an orc warlord
 30698 | Orc:2    | Found Lonef's Antique Armour Shop.
 30700 | Orc:2    | Found Hetiff's Antique Weapon Boutique.
 30888 | Orc:2    | Found Perosheq's Jewellery Emporium.
 31103 | Orc:2    | Killed ouz's ghost
 31906 | D:13     | Noticed Lodul
 31912 | D:13     | Noticed Jorgrun
 31914 | D:13     | Killed Lodul
 31917 | D:13     | Killed Jorgrun
 32477 | D:13     | Found a gate to the Vaults.
 33198 | D:14     | Gained mutation: Your touch may inflict irresistible damage
                  | on your foes. [demonic ancestry]
 33198 | D:14     | Reached XP level 16. HP: 103/134 MP: 18/34
 33944 | D:14     | Noticed Josephine
 33953 | D:14     | Killed Josephine
 34201 | D:14     | Offered knowledge of Conjure Ball Lightning by Vehumet.
 34483 | D:14     | Noticed Roxanne
 35031 | D:15     | Entered Level 15 of the Dungeon
 35041 | D:15     | Found an ornate altar of the Wu Jian Council.
 35046 | D:15     | Reached skill level 15 in Fighting
 35231 | D:15     | Learned a level 5 spell: Fireball
 35446 | D:15     | Found a staircase to the Depths.
 35522 | D:15     | Noticed Nessos
 35526 | D:15     | Killed Nessos
 35693 | D:15     | Identified the +0 mace of a treasure trove {drain, rN+
                  | Dex+5}
 36179 | D:15     | Found Imeyr's Antique Weapon Shop.
 36655 | Shoals:1 | Entered Level 1 of the Shoals
 37233 | Shoals:1 | Learned a level 7 spell: Ozocubu's Refrigeration
 37810 | Shoals:2 | Reached skill level 1 in Ice Magic
 38031 | Shoals:2 | Offered knowledge of Lehudib's Crystal Spear by Vehumet.
 38040 | Shoals:2 | Found a frozen archway.
 38058 | IceCv    | Entered an ice cave
 38647 | IceCv    | Found an ancient bone altar of Kikubaaqudgha.
 38779 | IceCv    | Reached skill level 15 in Spellcasting
 38782 | IceCv    | Noticed a lich
 38787 | IceCv    | Killed a lich
 39350 | IceCv    | Gained mutation: You are completely covered in thin
                  | metallic scales. (AC +4, rElec) [demonic ancestry]
 39350 | IceCv    | Reached XP level 17. HP: 144/144 MP: 26/36
 41303 | Shoals:3 | Offered knowledge of Fire Storm by Vehumet.
 41303 | Shoals:3 | Offered knowledge of Shatter by Vehumet.
 41303 | Shoals:3 | Offered knowledge of Maxwell's Capacitive Coupling by
                  | Vehumet.
 41507 | Shoals:3 | Found Olituda's Jewellery Boutique.
 42113 | Shoals:3 | Found Visao's Magic Scroll Shop.
 42121 | Shoals:3 | Bought a scroll of acquirement for 884 gold pieces
 42125 | Shoals:3 | Acquired a staff of fire
 42209 | Shoals:4 | Entered Level 4 of the Shoals
 42458 | Shoals:4 | Reached skill level 5 in Ice Magic
 42609 | Shoals:4 | Found Supleola's Gadget Gallery.
 43141 | Shoals:4 | Identified the +8 shortbow of the Several Priests {flame,
                  | rC++}
 44473 | Shoals:4 | Got a barnacled rune of Zot
 44685 | Shoals:4 | Identified the amulet "Xudiepil" {rPois Regen+}
 44883 | Spider:1 | Entered Level 1 of the Spider Nest
 45082 | Lair:3   | HP: 5/147 [something (13)]
 45332 | Lair:3   | Gained mutation: Your magical and physical power is
                  | slightly enhanced at high health. [demonic ancestry]
 45332 | Lair:3   | Reached XP level 18. HP: 139/154 MP: 16/38
 45676 | Spider:1 | Learned a level 8 spell: Ignition
 46078 | Spider:1 | Noticed Frances
 46082 | Spider:1 | Killed Frances
 47184 | Spider:2 | Noticed Mlioglotl
 47244 | Spider:2 | Found the +10 dark maul {vorpal}
 47271 | Spider:2 | Killed Mlioglotl
 47460 | Spider:2 | Acquired 723 gold pieces
 47918 | Spider:3 | Noticed Nikola
 47924 | Spider:3 | Killed Nikola
 48163 | Spider:3 | Noticed Agnes
 48169 | Spider:3 | Killed Agnes
 49926 | Spider:4 | Entered Level 4 of the Spider Nest
 51002 | Spider:4 | Gained mutation: You sometimes emit foul miasma when
                  | damaged in melee. [demonic ancestry]
 51002 | Spider:4 | Reached XP level 19. HP: 163/163 MP: 23/39
 51622 | Spider:4 | Got a gossamer rune of Zot
 51718 | Spider:4 | Identified the -4 pair of boots of the Orb {Str+5}
 52103 | Elf:1    | Entered Level 1 of the Elven Halls
 52113 | Elf:1    | Identified the +0 robe of Vexation {rPois rCorr Int-2
                  | Dex+4}
 52114 | Elf:1    | Reached skill level 15 in Fire Magic
 52413 | Elf:1    | Reached skill level 10 in Ice Magic
 52650 | Elf:1    | Identified the ring of Taorihig {rElec rC+ Will+ Stlth+}
 52857 | Elf:1    | Identified the ring "Jofutewn" {SInv Stlth+}
 53710 | Elf:1    | Identified the ring "Dixuelen" {EV+4 Stlth+}
 53711 | Elf:1    | Noticed Zanapn's ghost (journeyman DEAE)
 53721 | Elf:1    | Found a runed translucent gate.
 53721 | Elf:1    | Found a runed translucent gate.
 53722 | Elf:1    | Found a runed translucent gate.
 54640 | Elf:2    | Noticed Louise
 55044 | Elf:2    | Found a runed translucent gate.
 55044 | Elf:2    | Found a runed translucent gate.
 55200 | Elf:2    | Killed Louise
 55471 | Elf:2    | Found a runed translucent gate.
 55543 | Elf:2    | Reached XP level 20. HP: 166/170 MP: 29/41
 55637 | Elf:2    | Found Rinephir's Jewellery Shop.
 55652 | Elf:2    | Found Kena's Book Shoppe.
 55652 | Elf:2    | Found Ninezi's Book Shoppe.
 55739 | Elf:2    | Got the Disquisition on Unholy Flight
 56077 | Elf:2    | Noticed Azrael
 56114 | Elf:2    | Killed Azrael
 56612 | Elf:3    | Entered Level 3 of the Elven Halls
 56671 | Elf:3    | Found Cyjoadusm's Antique Weapon Shoppe.
 57310 | Vaults:1 | Entered Level 1 of the Vaults
 58063 | Vaults:1 | Noticed Asterion
 58068 | Vaults:1 | Killed Asterion
 58271 | Vaults:1 | Found Rytor's Jewellery Shop.
 59874 | Vaults:2 | Got Qeytt's Almanac of Darkness
 60330 | Vaults:2 | Found a staircase to the Crypt.
 60330 | Vaults:2 | Found an ancient bone altar of Kikubaaqudgha.
 60331 | Vaults:2 | Found a basalt altar of Yredelemnul.
 60466 | Vaults:2 | Found Ytuoremie's Weapon Shop.
 61254 | Vaults:3 | Noticed an ancient lich
 61483 | Vaults:3 | Reached XP level 21. HP: 177/177 MP: 35/42
 61512 | Vaults:2 | Killed an ancient lich
 61952 | Vaults:3 | Noticed Jory
 61957 | Vaults:3 | Paralysed by a sphinx for 7 turns
 61975 | Vaults:3 | Killed from afar by Jory

Illustrated notes

Levels and vault maps discovered:
D:1:      roderic_octagonal_star, layout_loops_ring,
          shapermc_ecumenical_altar_venn
D:2:      layout_basic, nicolae_underground_beach
D:3:      layout_basic, moated_statue, uniq_ijyb
D:4:      layout_cave_pools, serial_shops, nicolae_stop_n_shop_1, minivault_23
D:5:      layout_cave_pools, mainiacjoe_overflow_chevrons,
          minmay_temple_entry_slanted, gammafunk_ghost_necromancy
D:6:      dreamdust_elfheim, layout_loops_ring
D:7:      layout_loops_ring, nzn_ghost_randoct
D:8:      layout_rooms, nicolae_evil_shop, uniq_grum, uniq_pikel, uniq_maurice
D:9:      layout_layer_cave, special_room [special_room_orc], uniq_amaemon
D:10:     layout_basic, kennysheep_generic_room_16
D:11:     layout_rooms, erik_lair_orcish_takeover, ebering_ghost_gozag,
          nicolae_trove_entry_free_sample, uniq_harold
D:12:     layout_stronghold, david_orc_5
D:13:     layout_roguey, grunt_vaults_entry_fortified, hangedman_decor_opposing,
          uniq_lodul, uniq_jorgrun
D:14:     layout_stronghold, chequers_serial_rivers_room_a, uniq_roxanne,
          uniq_josephine
D:15:     gammafunk_enter_depths_forms, layout_irregular_city,
          lemuel_tele_altar, serial_shops, shop, uniq_nessos
Temple:   mainiacjoe_temple_circle_huts
Lair:1:   layout_layer_cave, gauntlet_entry_generic, nicolae_lair_lakeside_cave,
          infiniplex_staircase_pool, serial_bayou_shore_a, grunt_megastairs_4,
          lemuel_fruit_tree, uniq_maggie
Lair:2:   layout_loops_ring, nicolae_lair_liquid_snakes, uniq_nergalle
Lair:3:   layout_roguey, minmay_shoals_entry_hut,
          hellmonk_spider_entry_life_and_decay, basic_altar,
          gammafunk_ghost_berserking_beasts
Lair:4:   layout_hall_layers, grunt_megastairs_5, uniq_urug
Lair:5:   layout_regular_city, nicolae_slime_entry_slimehenge,
          ebering_ghost_funeral_grove, beast_lair_carwin_8, serial_bayou_shore_b
Lair:6:   hellmonk_lair_end_abyssal_woods, layout_concentric_octagons,
          basic_altar
Shoals:1: layout_shoals
Shoals:2: layout_shoals, portal_ice_cave_entry_ice_statue_two
Shoals:3: layout_shoals, serial_shops, shop, nicolae_shop_stone, centaur_isle
Shoals:4: shoals_end_simple, layout_shoals, nicolae_shop_gadgets
Spider:1: layout_spider_delve, nicolae_spider_eight_legs, uniq_frances
Spider:2: layout_spider_delve, nicolae_spider_wall_of_niches, uniq_mlioglotl
Spider:3: layout_spider_delve, spiders_nest_the_unseen, uniq_nikola, uniq_agnes
Spider:4: hellmonk_spider_rune_endless_swarm
Orc:1:    layout_caves, serial_shops, shop_statue, uniq_sonja
Orc:2:    grunt_orc_community_town_hall, layout_caves,
          grunt_orc_community_big_house_2, grunt_orc_community_big_house_1,
          grunt_orc_community_house_3, grunt_orc_community_house_1,
          grunt_orc_community_house_1, grunt_orc_community_house_3,
          grunt_orc_community_house_2, grunt_orc_community_house_3,
          gammafunk_ghost_arena
Elf:1:    minmay_the_grid_square_5x5_5x5_mashed
          [minmay_the_grid_square_5x5_bracketed,
          minmay_the_grid_square_5x5_hourglass,
          minmay_the_grid_square_5x5_fat_x, minmay_the_grid_square_5x5_plus,
          minmay_the_grid_square_5x5_minimal,
          minmay_the_grid_square_5x5_two_small,
          minmay_the_grid_square_5x5_prize_gold,
          minmay_the_grid_square_5x5_dogpile,
          minmay_the_grid_square_5x5_prize_monsterx,
          minmay_the_grid_square_5x5_eight, minmay_the_grid_square_5x5_slash,
          minmay_the_grid_square_5x5_meh, minmay_the_grid_square_5x5_prize_junk,
          minmay_the_grid_square_5x5_half_checkered,
          minmay_the_grid_square_5x5_bridge,
          minmay_the_grid_square_5x5_trominoes,
          minmay_the_grid_square_5x5_prize_pseudospiral,
          minmay_the_grid_square_5x5_pentomino_r,
          minmay_the_grid_square_5x5_prize_deathbox,
          minmay_the_grid_square_5x5_checkered_statues,
          minmay_the_grid_square_5x5_intrusive_squares,
          minmay_the_grid_square_5x5_sharp_hourglass,
          minmay_the_grid_square_5x5_inner_i,
          minmay_the_grid_square_5x5_longway,
          minmay_the_grid_square_5x5_inner_z], layout_geoelf_diagonals,
          gammafunk_ghost_split, hangedman_elven_crosses_minicolossus
Elf:2:    nicolae_elf_blades_crystal_corner, layout_geoelf_diagonals,
          moated_statue, minivault_16, grunt_ministairs_3, minmay_crystal_room,
          minmay_shop_grove, uniq_azrael, uniq_louise
Elf:3:    minmay_elf_hall_spiked, layout_geoelf_octagon, serial_shops,
          nicolae_shop_stone
Vaults:1: v_pattern_5, nicolae_vaults_mini_display_case, vaults_mumra_minichess,
          v_alt_pattern_3, hangedman_vaults_snaps, vaults_dpeg_hooks,
          ontoclasm_vaults_idyll, nicolae_vaults_little_squares_3,
          layout_vaults_quadrants, serial_shops, nicolae_shop_behind_doors,
          uniq_asterion
Vaults:2: nicolae_vaults_border_crossing, hangedman_vaults_stitches,
          minmay_crypt_entry_necro_gods, v_misc_19, v_misc_14,
          hangedman_vaults_slice, nicolae_vaults_alarming,
          nicolae_vaults_big_angled_halls, vaults_dpeg_diagonal,
          layout_vaults_maze_snakey, serial_shops, nicolae_lakefront_shop
Vaults:3: hangedman_vaults_river_flow, ontoclasm_vaults_spin,
          hangedman_vaults_stagger, v_misc_30, v_rooms_1,
          hangedman_vaults_cutoff, ontoclasm_vaults_pinch,
          dpeg_vaults_pockets_of_resistance, vaults_dpeg_spiral,
          hangedman_vaults_impose, vaults_room_pool, layout_vaults_big_room,
          uniq_jory

Skill      XL: |  1  2  3  4  5  6  7  8  9 10 11 12 13 14 15 16 17 18 19 20 21 |
---------------+----------------------------------------------------------------+-----
Spellcasting   | 3 4 5 6 7 8 9 11 12 14 15 16 17 | 17.0
Conjurations   | 5 6 7 8 9 11 | 11.0
Fighting       | 1 2 3 4 5 6 8 10 11 13 14 16 17 18 | 18.4
Translocations | 1 2 3 4 5 6 7 8 |  8.0
Dodging        | 2 3 4 6 7 |  7.4
Armour         | 1 3 4 5 6 7 |  7.0
Fire Magic     | 4 7 9 11 12 13 14 16 18 | 18.3
Shields        | 4 |  4.0
Ice Magic      | 3 6 8 11 14 | 14.0
Stealth        | |  1.7

Action                   |  1- 3 |  4- 6 |  7- 9 | 10-12 | 13-15 | 16-18 | 19-21 || total
-------------------------+-------+-------+-------+-------+-------+-------+-------++-------
Melee: Unarmed           |    17 |       |       |       |       |       |       ||    17
       Punch             |     1 |       |     1 |     3 |     2 |       |       ||     7
       Short sword       |    11 |    14 |    84 |    38 |       |       |       ||   147
       Touch             |       |       |     9 |    26 |    18 |       |       ||    53
       Demon whip        |       |       |       |   138 |   210 |    57 |       ||   405
       Whip              |       |       |       |    18 |       |       |       ||    18
       Trident           |       |       |       |       |       |    20 |       ||    20
       Rapier            |       |       |       |       |       |    72 |   104 ||   176
       Staff             |       |       |       |       |       |    14 |    15 ||    29
Throw: Throwing net      |       |       |       |     1 |       |       |       ||     1
 Cast: Magic Dart        |    71 |    78 |   100 |   148 |   410 |    17 |       ||   824
       Searing Ray       |       |     5 |    16 |    24 |     2 |       |       ||    47
       Iskenderun's Myst |       |     5 |    34 |   195 |   347 |    51 |    86 ||   718
       Starburst         |       |       |       |       |   159 |   271 |    61 ||   491
       Orb of Destructio |       |       |       |       |     4 |     3 |    31 ||    38
       Fireball          |       |       |       |       |       |   505 |   333 ||   838
       Ignition          |       |       |       |       |       |     4 |    20 ||    24
       Ozocubu's Refrige |       |       |       |       |       |       |     3 ||     3
  Use: Potion            |       |     1 |     2 |    10 |     4 |     4 |       ||    21
       Scroll            |       |       |    18 |     8 |     5 |     9 |     8 ||    48
 Stab: Sleeping          |       |       |     2 |     1 |     1 |       |       ||     4
       Invisible         |       |       |       |       |     3 |       |       ||     3
Armor: Robe              |     7 |    12 |       |       |       |       |    96 ||   115
       Leather armour    |       |       |    70 |   158 |   110 |   229 |    11 ||   578
       Skin              |       |       |       |       |       |       |     1 ||     1
Dodge: Dodged            |    18 |    17 |    94 |   264 |   276 |   342 |   138 ||  1149
Block: Other             |       |       |       |    11 |    37 |       |       ||    48
       Buckler           |       |       |       |       |   156 |   267 |   124 ||   547
       Reflection        |       |       |       |       |    16 |    19 |    29 ||    64

Table legend: (Time is in decaauts)
 A = Elapsed time spent in this place.
 B = Non-inter-level travel time spent in this place.
 C = Inter-level travel time spent in this place.
 D = Time resting spent in this place.
 E = Time spent auto-exploring this place.
 F = Levels seen in this place.
 G = Mean time per level.
                   A        B        C        D        E       F      G
               +--------+--------+--------+--------+--------+-----+--------+
         Total |  62519 |  59212 |   3307 |   6555 |  43139 |  40 | 1563.0 |
       Dungeon |  22271 |  20622 |   1649 |   2195 |  15268 |  15 | 1484.7 |
        Temple |    192 |    172 |     20 |      0 |    154 |   1 |  192.0 |
          Lair |  11520 |  10886 |    634 |    933 |   8203 |   6 | 1920.0 |
        Shoals |   7017 |   6740 |    277 |    942 |   4916 |   4 | 1754.2 |
   Spider Nest |   6417 |   6203 |    214 |   1284 |   3960 |   4 | 1604.2 |
  Orcish Mines |   2965 |   2761 |    204 |      0 |   2228 |   2 | 1482.5 |
   Elven Halls |   5172 |   5071 |    101 |    533 |   3546 |   3 | 1724.0 |
        Vaults |   4674 |   4469 |    205 |    668 |   3256 |   3 | 1558.0 |
      Ice Cave |   1517 |   1517 |      0 |      0 |   1137 |   1 | 1517.0 |
      Gauntlet |    768 |    768 |      0 |      0 |    468 |   1 |  768.0 |
               +--------+--------+--------+--------+--------+-----+--------+

Top non-repeatable levels by time:
   Elf:2: 2476 daAuts
Vaults:1: 2433 daAuts
  Lair:6: 2321 daAuts
  Lair:1: 2292 daAuts
Spider:3: 2288 daAuts
Shoals:3: 2255 daAuts
     D:9: 2237 daAuts
   Orc:2: 2163 daAuts
   Elf:1: 2154 daAuts
  Lair:3: 2049 daAuts
  Lair:2: 1935 daAuts
Vaults:2: 1894 daAuts
Shoals:4: 1865 daAuts
     D:7: 1805 daAuts
    D:13: 1798 daAuts
